 Dungeon Crawl Stone Soup version 0.15-a0-1363-g87d8b17 (webtiles) character file.

125 Chiseanne the Skirmisher (level 4, 0/41 HPs)
             Began as a Minotaur Monk on June 9, 2014.
             Killed from afar by an orc wizard (9 damage)
             ... with a magic dart
             ... on Level 3 of the Dungeon.
             The game lasted 00:04:58 (1915 turns).

Chiseanne the Skirmisher (Minotaur Monk)            Turns: 1915, Time: 00:04:59

HP   0/41        AC  6     Str 16      XL: 4   Next: 82%
MP   2/2         EV 14     Int  7      God:
Gold 150         SH  0     Dex 14      Spells:  0 memorised,  3 levels left

rFire  . . .     SeeInvis .     p - +1 flail (crush)
rCold  . . .     Clarity  .     q - +2 robe
rNeg   . . .     rCorr    .     (no shield)
rPois  .         rRot     .     (helmet restricted)
rElec  .         Spirit   .     (no cloak)
SustAb .         Warding  .     (no gloves)
rMut   .         Stasis   .     (no boots)
Gourm  .                        (no amulet)
MR     .....                    n - +1 ring of strength
                                g - +2 ring of protection

@: slowed, very slow, not resistant to hostile enchantments, unstealthy
A: retaliatory headbutt, horns 2
a: no special abilities


You were on level 3 of the Dungeon.
You were not hungry.

You visited 1 branch of the dungeon, and saw 3 of its levels.

You collected 150 gold pieces.

Inventory:

Hand weapons
 p - a +1,+1 flail of crushing (weapon)
Armour
 q - a +2 robe (worn)
Comestibles
 b - 4 bread rations
 h - a meat ration
 r - a royal jelly
Scrolls
 c - 2 scrolls of identify {unknown}
 d - 3 scrolls of teleportation {unknown}
 f - 3 scrolls of fog {unknown}
 i - 3 scrolls of remove curse {unknown}
 k - a scroll of enchant weapon II {unknown}
Jewellery
 g - a +2 ring of protection (left hand)
 n - a +1 ring of strength (right hand)
Potions
 a - a potion of restore abilities
 e - a potion of curing
 j - a potion of magic {unknown}
 l - a potion of agility {unknown}
 m - a potion of cure mutation {unknown}
 o - 2 potions of poison {unknown}


   Skills:
 * Level 4.8 Fighting
   Level 0.2 Axes
 * Level 0.5 Maces & Flails
 * Level 2.1 Armour
 * Level 4.8 Dodging
 - Level 1.5 Stealth
 - Level 4.3 Unarmed Combat


You had 3 spell levels left.
You didn't know any spells.

Dungeon Overview and Level Annotations

Branches:
Dungeon (3/15)

Altars:


Innate Abilities, Weirdness & Mutations

You reflexively headbutt those who attack you in melee.
You have a pair of horns on your head.


Message History

You completely miss the orc wizard. Your headbutt misses the orc wizard.
You sock the orc wizard! You headbutt the orc wizard.
The orc wizard is almost dead.
The orc wizard casts a spell at you. The magic dart hits you!
* * * LOW HITPOINT WARNING * * *
The orc wizard gestures wildly while chanting.
The orc wizard blinks!
The orc wizard points at you and mumbles some strange words.
The magic dart hits you!
* * * LOW HITPOINT WARNING * * *
Drink which item? (? for menu, Esc to quit)
You feel refreshed.
It was a potion of restore abilities.
The orc wizard gestures at you while chanting.
You feel yourself slow down.
Drink which item? (? for menu, Esc to quit)
You feel better.
It was a potion of curing.
The orc wizard gestures at you while chanting.
The magic dart hits you!
You die...

###
#.......##................#
#.......'..#########.######
#.......#### #.# #####'#####
#.# #.<.).# #.# ###)########
#.#
#..........#############+###
#...........(..##.........%..
#..........###@o)....).......
#..........# ####............
###..........# #...........
..#..........# #..!.....(..
#.#..........# #...........
#.....%......# #....?.....
###..........# #.........
#..........# #........
#####.###### ######


You could see an orc wizard.

Vanquished Creatures
  3 gnolls (D:3)
  3 adders
  3 worms (D:2)
  3 giant geckos (D:1)
  An ooze (D:2)
  3 orcs (D:3)
  A giant cockroach (D:3)
  5 goblins
  5 hobgoblins
  A ball python (D:1)
  7 bats
  2 giant newts (D:1)
  6 kobolds
  4 rats
47 creatures vanquished.

Notes
Turn   | Place    | Note
--------------------------------------------------------------
     0 | D:1      | Chiseanne, the Minotaur Monk, began the quest for the Orb.
     0 | D:1      | Reached XP level 1. HP: 19/19 MP: 1/1
    77 | D:1      | Reached XP level 2. HP: 13/27 MP: 1/1
   415 | D:1      | Reached skill level 1 in Armour
   860 | D:2      | Reached XP level 3. HP: 33/33 MP: 2/2
  1512 | D:3      | Reached XP level 4. HP: 36/41 MP: 2/2
  1912 | D:3      | HP: 2/41 [orc wizard/magic dart (2)]
  1915 | D:3      | Killed from afar by an orc wizard

Action                   |  1- 3 |  4- 6 || total
-------------------------+-------+-------++-------
Melee: Unarmed           |   104 |    10 ||   114
       Flail             |       |    21 ||    21
  Use: Potion            |       |     2 ||     2
 Stab: Sleeping          |       |     2 ||     2
